 Dungeon Crawl Stone Soup version 0.31.0-11-ge490571c62 (webtiles) character file.

Game seed: 13542954951166369585

2450 Arcadio the Ruffian (level 9, -2/92 HPs)
             Began as a Troll Delver on Jan 27, 2024.
             Was a Priest of Makhleb.
             Slain by a vampire
             ... wielding a +0 hand axe
              (5 damage)
             ... on level 6 of the Dungeon.
             The game lasted 00:09:43 (5660 turns).

Arcadio the Ruffian (Troll Delver)                  Turns: 5660, Time: 00:09:44

Health: -2/92      AC:  9    Str: 26    XL:     9   Next: 25%
Magic:  0/8        EV: 11    Int:  6    God:    Makhleb [***...]
Gold:   412        SH:  0    Dex: 11    Spells: 8/8 levels left

rFire   . .          .
                       - Unarmed
rCold   . . .        (no shield)
rNeg    . . .        a - +0 robe
rPois   .            (helmet restricted)
rElec   .            s - +0 cloak
rCorr   .            (gloves unavailable)
SInv    .            (boots unavailable)
Will    +....        j - amulet of guardian spirit
Stlth   ++           D - +4 ring of protection
HPRegen 1.15/turn    x - ring of willpower
MPRegen 0.11/turn

%: guardian spirit
@: no status effects
A: large, unfitting armour, claws 3, regeneration 1, shaggy fur 1, tough skin 1
a: Renounce Religion, Minor Destruction, Lesser Servant of Makhleb


You were on level 6 of the Dungeon.
You worshipped Makhleb.
Makhleb was most pleased with you.
You visited 2 branches of the dungeon, and saw 8 of its levels.

You collected 412 gold pieces.

Inventory:

Hand Weapons
 G - the +5 whip "Dragonbane" {flame, Will+ Str-5 Dex+2}
   (You found it on level 7 of the Dungeon)

   Str-5:     It affects your strength (-5).
   Dex+2:     It affects your dexterity (+2).
   Will+:     It increases your willpower.
Armour
 a - a +0 robe (worn)
 s - a +0 cloak (worn)
Jewellery
 j - an amulet of guardian spirit (around neck)
 l - a +6 ring of intelligence
 x - a ring of willpower (right claw)
 y - a +5 ring of evasion
 D - a +4 ring of protection (left claw)
 E - an amulet of faith
Wands
 f - a wand of digging (3)
 g - a wand of polymorph (12)
 k - a wand of roots (17)
 n - a wand of flame (17)
 p - a wand of mindburst (14)
Scrolls
 b - 3 scrolls of fog
 c - a scroll of revelation
 d - 2 scrolls of fear
 h - a scroll of amnesia {unknown}
 i - 2 scrolls of blinking {unknown}
 m - 2 scrolls of enchant armour {unknown}
 o - a scroll of brand weapon {unknown}
 r - 3 scrolls of identify
 t - a scroll of teleportation {unknown}
 u - 5 scrolls of enchant weapon {unknown}
 w - 2 scrolls of noise {unknown}
 A - 2 scrolls of poison {unknown}
Potions
 e - a potion of haste
 q - 3 potions of degeneration
 v - 2 potions of attraction {unknown}
 z - a potion of magic {unknown}
 B - a potion of ambrosia {unknown}
 C - a potion of curing {unknown}
 F - 2 potions of brilliance {unknown}


   Skills:
 + Level 6.6 Fighting
 + Level 6.2 Dodging
 - Level 2.7 Stealth
 + Level 7.4 Unarmed Combat


You had 8 spell levels left.
You didn't know any spells.
Your spell library contained the following spells:

 Spells                   Type           Power      Damage    Failure   Level
 Apportation              Tloc           0%         N/A       45%         1
 Foxfire                  Conj/Fire      0%         2x1d4     45%         1
 Kiss of Death            Conj/Necr      0%         2d5       45%         1
 Confusing Touch          Hex            0%         N/A       83%         3
 Dispel Undead            Necr           0%         3d6       99%         4
 Passage of Golubria      Tloc           0%         N/A       99%         4
 Vhi's Electric Charge    Tloc/Air       0%         N/A       99%         4
 Alistair's Intoxication  Alch           0%         N/A       100%        5
 Borgnjor's Vile Clutch   Necr/Erth      0%         N/A       100%        5
 Eringya's Noxious Bog    Alch           0%         4d6       100%        6
 Dragon's Call            Summ           0%         N/A       100%        9


Dungeon Overview and Level Annotations

Branches:
Dungeon (7/15)             Temple (1/1) D:5

Altars:
Ashenzari
Elyvilon
Fedhas
Gozag
Hepliaklqana
Kikubaaqudgha
Makhleb
Okawaru
Qazlal
Sif Muna
Trog
Uskayaw
Vehumet
Wu Jian
Xom
Yredelemnul
The Shining One


Innate Abilities, Weirdness & Mutations

You are too large for most types of armour.
You have claws for hands.
Your natural rate of healing is unusually fast.
You are covered in fur. (AC +1)
You have tough skin. (AC +1)


Message History

You scratch something but do no damage. Something hits you!
Something bites you.
Something draws strength from your injuries!
You closely miss something. You closely miss something. Something hits you!
Something bites you!
Something draws strength from your injuries!
You barely miss something. Something hits you but does no damage.
Something bites you!
Something draws strength from your injuries!
Something hits you. Something bites you.
Something draws strength from your injuries!
You climb upwards.
Reactivating autopickup.
There is a stone staircase leading down here.
Deactivating autopickup; reactivate with Ctrl-A.
You barely miss something. Something hits you. Something bites you!
Something draws strength from your injuries!
Something hits you! Something barely misses you.
There is a stone staircase leading down here.
Something hits you! Something bites you.
Something draws strength from your injuries!
A vampire appears from thin air!
Reactivating autopickup.
The vampire attacks as it pursues you!
The vampire hits you with a +0 hand axe!
* * * LOW HITPOINT WARNING * * *
The vampire bites you!
* * * LOW HITPOINT WARNING * * *
The vampire draws strength from your injuries!
Okay, then.
As you read the scroll labelled ZIQ QUILOHEETT, it crumbles to dust.
It is a scroll of identify.
q - 3 potions of degeneration;
r - 3 scrolls of identify
j - an amulet of guardian spirit (around neck)
The vampire hits you with a +0 hand axe.
* * * LOW HITPOINT WARNING * * *
The vampire bites you but does no damage.
A demon appears!
The vampire hits you with a +0 hand axe.
You die...

.# ######.# #....(.....# # .#
###......# #..........# #
.###..)..#### ##.>........# #
...#.....# #...........# #
##.#.....### #...........# #
.......>...### #.#........## #
.....#####...###...........######
...............V...............##
.###.##...###.##@..........###...
.# #......#...##..4........# ####
.######.....####...........# #
.....##...### #.#........## #
####.##...# #.##).....## # #
#.##...# #.##.#...## # # #.##...#
#.##.#.### # # #.###### #<##[#.#
# # #.#### #.##...# #


You could see a vampire (ally target) and a friendly orange demon (summoned).

Vanquished Creatures
  Pikel (D:5)
  Eustachio (D:5)
  Menkaure (D:7)
  Duvessa (D:5)
  3 water moccasins
  A sky beast (D:7)
  2 ice beasts (D:5)
  A black bear (D:5)
  A centaur (D:6)
  A phantom (D:5)
  A bullfrog (D:7)
  A scorpion (D:5)
  Dowan (D:5)
  A howler monkey (D:6)
  3 bombardier beetles
  A jelly (D:4)
  2 hounds
  4 iguanas
  5 orc wizards
  A sleepcap (D:5)
  A gnoll (D:1)
  5 adders
  2 ufetubi (D:6)
  5 dart slugs
  3 ribbon worms
  19 orcs
  6 ball pythons
  6 endoplasms
  4 giant cockroaches
  5 goblins
  9 hobgoblins
  8 kobolds
  5 quokkas
  12 bats
  8 frilled lizards
  11 rats
142 creatures vanquished.

Notes
Turn   | Place    | Note
-------+----------+-------------------------------------------
     0 | D:5      | Arcadio the Troll Delver began the quest for the Orb.
     0 | D:5      | Reached XP level 1. HP: 22/22 MP: 0/0
    50 | D:5      | Noticed an iguana
    72 | D:6      | Noticed a bombardier beetle
    88 | D:6      | Reached XP level 2. HP: 15/29 MP: 1/1
    90 | D:6      | Killed a bombardier beetle
    91 | D:6      | Reached XP level 3. HP: 23/36 MP: 2/2
   221 | D:7      | Noticed a water moccasin
   231 | D:7      | Killed a water moccasin
   232 | D:7      | Reached skill level 3 in Unarmed Combat
   232 | D:7      | Reached XP level 4. HP: 12/45 MP: 3/3
   232 | D:7      | Reached XP level 5. HP: 14/53 MP: 4/4
   419 | D:6      | Noticed a water moccasin
   419 | D:6      | Noticed a centaur
   437 | D:6      | Killed a water moccasin
   485 | D:6      | Killed a centaur
   486 | D:6      | Reached skill level 4 in Unarmed Combat
   486 | D:6      | Reached XP level 6. HP: 54/62 MP: 5/5
   669 | D:6      | Found a bloodstained altar of Trog.
   685 | D:6      | Found a shimmering blue altar of Sif Muna.
   690 | D:6      | Got Sif Muna's Guidebook on Portals and Sparks
   752 | D:6      | Noticed a water moccasin
   763 | D:6      | Killed a water moccasin
   764 | D:6      | Reached XP level 7. HP: 61/70 MP: 6/6
   968 | D:7      | Noticed a vampire
  1152 | D:5      | Found a staircase to the Ecumenical Temple.
  1159 | Temple   | Entered the Ecumenical Temple
  1197 | Temple   | Became a worshipper of Makhleb the Destroyer
  1358 | D:5      | Noticed Duvessa
  1358 | D:5      | Noticed Pikel
  1359 | D:5      | Noticed Dowan
  1379 | D:5      | Killed Pikel
  1380 | D:5      | Reached skill level 5 in Fighting
  1380 | D:5      | Reached skill level 5 in Unarmed Combat
  1380 | D:5      | Reached XP level 8. HP: 47/80 MP: 7/7
  1629 | D:5      | Killed Duvessa
  1634 | D:5      | Killed Dowan
  1635 | D:5      | Reached skill level 6 in Unarmed Combat
  1665 | D:5      | Reached skill level 5 in Dodging
  1940 | D:5      | Noticed Eustachio
  1950 | D:5      | Killed Eustachio
  2607 | D:4      | Reached skill level 7 in Unarmed Combat
  2695 | D:4      | Reached XP level 9. HP: 85/89 MP: 8/8
  2831 | D:4      | Got the Precepts of the Wasteland
  3517 | D:3      | Reached * piety under Makhleb
  4093 | D:2      | Found a faded altar of an unknown god.
  4620 | D:2      | Reached ** piety under Makhleb
  5380 | D:7      | Reached *** piety under Makhleb
  5422 | D:7      | Identified the +5 whip "Dragonbane" {flame, Will+ Str-5
                  | Dex+2}
  5424 | D:7      | Found an opulent altar of Gozag.
  5511 | D:7      | Noticed Menkaure
  5517 | D:7      | Killed Menkaure
  5660 | D:6      | Slain by a vampire

Illustrated notes

Levels and vault maps discovered:
D:1:      dpeg_arrival_rooms_b, layout_rooms
D:2:      minmay_razor_zed, layout_basic, shapermc_ecumenical_altar_gd,
          kennysheep_generic_room_10
D:3:      minmay_wonky_spiral, layout_basic
D:4:      layout_loops_corners, st_stairs_10, corexii_item_surrounded_by_moat
D:5:      layout_basic, minmay_temple_entry_butterflies, uniq_eustachio,
          uniq_duvessa, uniq_pikel
D:6:      layout_rooms, nzn_overflow_gifts_of_might_and_magic
D:7:      lemuel_slime, layout_gridville, gammafunk_temple_overflow_forgotten,
          zin_treasury, overflow_temple_1_default, slow_altar_2, enter_bailey_5,
          uniq_menkaure
Temple:   minmay_temple_curvy_branch

Skill      XL: |  1  2  3  4  5  6  7  8  9 |
---------------+----------------------------+-----
Dodging        | 2 3 4 5 6 |  6.2
Fighting       | 3 4 5 6 |  6.6
Unarmed Combat | 3 4 5 7 |  7.4
Stealth        | |  2.7

Action                     |  1- 3 |  4- 6 |  7- 9 || total
---------------------------+-------+-------+-------++-------
  Melee: Unarmed           |    23 |    43 |   341 ||   407
         Punch             |     1 |       |    18 ||    19
 Invoke: Lesser Servant of |       |       |     1 ||     1
    Use: Scroll            |       |       |     1 ||     1
         Potion            |       |       |     1 ||     1
   Stab: Sleeping          |     1 |     2 |    10 ||    13
 Armour: Robe              |    35 |    38 |   243 ||   316
  Dodge: Dodged            |    22 |    14 |   210 ||   246
